 Dungeon Crawl Stone Soup version 0.27-a0-1586-gd5c625afe7 (webtiles) character file.

Game seed: 1158734203817469130

40 HAL9000 the Sneak (level 3, -1/18 HPs)
             Began as a Vine Stalker Brigand on July 18, 2021.
             Frozen to death by an endoplasm (4 damage)
             ... on level 2 of the Dungeon.
             The game lasted 00:01:19 (1631 turns).

HAL9000 the Sneak (Vine Stalker Brigand)            Turns: 1631, Time: 00:01:19

Health: -1/18      AC:  3    Str: 14    XL:     3   Next: 50%
Magic:  0/4        EV: 11    Int: 11    God:
Gold:   89         SH:  0    Dex: 15    Spells: 2/2 levels left

rFire    . . .     SeeInvis .   h - +2 dagger (drain)
rCold    . . .     Faith    .   (no shield)
rNeg     . . .     Spirit   +   b - +0 robe
rPois    .         Reflect  .   (no helmet)
rElec    .         Harm     .   c - +0 cloak
rCorr    .         Rampage  .   (no gloves)
Will     .....                  (no boots)
Stlth    +++.......             (no amulet)
HPRegen  0.06/turn              (no ring)
MPRegen  0.09/turn              (no ring)

@: no status effects
A: fangs 2, magic shield, antimagic bite, no potion heal 2
a: no special abilities


You were on level 2 of the Dungeon.
You visited 1 branch of the dungeon, and saw 2 of its levels.

You collected 89 gold pieces.

Inventory:

Hand Weapons
 a - a +2 dagger
 h - a +2 dagger of draining (weapon)
Missiles
 d - 8 poisoned darts (quivered)
 e - 2 curare-tipped darts
Armour
 b - a +0 robe (worn)
 c - a +0 cloak (worn)
Scrolls
 g - a scroll of identify {unknown}
 i - a scroll of vulnerability {unknown}
 j - a scroll of fog {unknown}
 k - a scroll of enchant weapon {unknown}
Potions
 f - a potion of curing {unknown}


   Skills:
 - Level 1.7 Fighting
 - Level 1.7 Short Blades
 + Level 3.4 Throwing
 - Level 0.7 Dodging
 - Level 4.8 Stealth


You had 2 spell levels left.
You didn't know any spells.
Your spell library was empty.

Dungeon Overview and Level Annotations

Branches:
Dungeon (2/15)

Altars:


Innate Abilities, Weirdness & Mutations

You have extremely sharp teeth.
When hurt, damage is shared between your health and your magic reserves.
Your bite disrupts and absorbs the magic of your enemies.
Potions cannot restore your health.


Message History

The jackal closely misses you. The jackal barely misses you.
You hit the jackal. You bite the jackal, but do no damage.
The jackal is almost dead.
The jackal bites you. x2
A jackal comes into view.
You are too injured to fight recklessly!
You are too injured to fight recklessly!
You are too injured to fight recklessly!
A rat comes into view.
The jackal bites you but does no damage.
You are too injured to fight recklessly!
You are too injured to fight recklessly!
You are too injured to fight recklessly!
You are too injured to fight recklessly!
You hit the jackal.
You kill the jackal!
You hit the jackal.
The jackal is severely wounded.
The jackal barely misses you. The endoplasm freezes you.
You are frozen.
The jackal bites you but does no damage.
You hit the jackal.
You kill the jackal!
The jackal closely misses you. The endoplasm barely misses you.
You hit the jackal but do no damage. The jackal bites you.
* * * LOW HITPOINT WARNING * * *
The endoplasm hits you but does no damage.
You closely miss the jackal. The jackal closely misses you.
The endoplasm hits you.
You hit the jackal but do no damage.
The jackal bites you but does no damage.
The endoplasm barely misses you. The jackal bites you.
* * * LOW HITPOINT WARNING * * *
You hit the jackal. Your bite misses the jackal.
The jackal is moderately wounded.
The jackal closely misses you. The endoplasm freezes you.
You are frozen.
You die...

##. ##.. ... ##..##
....## #...# ####
#..# #..h# #.h##
.##.###@#.##
hJ#r#J....#
#h##h#?#.##
#.#..r....#
##..#....#.#.#######
.......=............#
.##..#....#.#.#...#.#
#............##.#.###
##......#.#.#.......#


You could see an endoplasm, 2 jackals and a rat.

Vanquished Creatures
  An adder (D:2)
  A dart slug (D:2)
  2 ball pythons
  4 endoplasms
  A giant cockroach (D:2)
  5 hobgoblins (D:1)
  2 jackals (D:2)
  2 kobolds (D:1)
  2 frilled lizards
  4 goblins
  2 rats (D:2)
26 creatures vanquished.

Notes
Turn   | Place    | Note
-------+----------+-------------------------------------------
     0 | D:1      | HAL9000 the Vine Stalker Brigand began the quest for the
                  | Orb.
     0 | D:1      | Reached XP level 1. HP: 11/11 MP: 2/2
   256 | D:1      | Reached XP level 2. HP: 6/15 MP: 3/3
  1263 | D:2      | Reached XP level 3. HP: 1/18 MP: 0/4
  1631 | D:2      | Frozen to death by an endoplasm

Illustrated notes

Levels and vault maps discovered:
D:1:      psy_arrival_statuary, layout_basic
D:2:      layout_loops_ring, dk_noncrumbling_2, grunt_ministairs_1, st_stairs_13

Skill      XL: |  1  2 |
---------------+-------+-----
Throwing       | 2 3 |  3.4
Fighting       | |  1.7
Short Blades   | |  1.7
Dodging        | |  0.7
Stealth        | |  4.8

Action                   || total
-------------------------++-------
Melee: Dagger            ||    79
       Bite              ||    22
Throw: Dart              ||     3
 Stab: Sleeping          ||     1
Armor: Robe              ||    21
Dodge: Dodged            ||    38

Table legend: (Time is in decaauts)
 A = Elapsed time spent in this place.
 B = Non-inter-level travel time spent in this place.
 C = Inter-level travel time spent in this place.
 D = Time resting spent in this place.
 E = Time spent auto-exploring this place.
 F = Levels seen in this place.
 G = Mean time per level.
                   A        B        C        D        E       F      G
               +--------+--------+--------+--------+--------+-----+--------+
         Total |   1624 |   1614 |     10 |    680 |    745 |   2 |  812.0 |
       Dungeon |   1624 |   1614 |     10 |    680 |    745 |   2 |  812.0 |
               +--------+--------+--------+--------+--------+-----+--------+

Top non-repeatable levels by time:
     D:1: 1228 daAuts
     D:2: 395 daAuts
